 Dungeon Crawl Stone Soup version 0.31-a0-977-gc230f8ef24 (webtiles) character file.

Game seed: 16893013930464521668

235 Arzdou the Ruffian (level 5, -1/50 HPs)
             Began as a Troll Shapeshifter on Oct 29, 2023.
             Was a Follower of Uskayaw.
             Slain by an orc wizard
             ... wielding a +1 dagger of protection
              (4 damage)
             ... on level 4 of the Dungeon.
             The game lasted 00:03:44 (2151 turns).

Arzdou the Ruffian (Troll Shapeshifter)             Turns: 2151, Time: 00:03:44

Health: -1/50      AC:  4    Str: 24    XL:     5   Next: 76%
Magic:  4/4        EV:  9    Int:  6    God:    Uskayaw [*.....]
Gold:   94         SH:  0    Dex:  9    Spells: 4/4 levels left

rFire   . .          .
                       - Unarmed
rCold   . . .        (no shield)
rNeg    . . .        a - +0 animal skin
rPois   .            (helmet currently unavailable)
rElec   .            (cloak currently unavailable)
rCorr   .            (gloves unavailable)
SInv    .            (boots unavailable)
Will    .....        (no amulet)
Stlth   +            (no ring)
HPRegen 1.08/turn    (no ring)
MPRegen 0.09/turn

%: no passive effects
@: beast-form
A: beast (slay +2), large, unfitting armour, claws 3, regeneration 1, shaggy fur
1, tough skin 1
a: Begin Untransformation, Renounce Religion, Stomp


You were on level 4 of the Dungeon.
You worshipped Uskayaw.
Uskayaw was noncommittal.
You were a hulking beast.
You visited 1 branch of the dungeon, and saw 4 of its levels.

You collected 94 gold pieces.

Inventory:

Missiles
 p - 6 poisoned darts
Armour
 a - a +0 animal skin (worn)
Jewellery
 r - a ring of see invisible
Talismans
 c - a beast talisman (active)
 d - a flux talisman
 f - a serpent talisman
Scrolls
 e - 2 scrolls of noise {unknown}
 g - 2 scrolls of fear {unknown}
 h - a scroll of brand weapon {unknown}
 j - 3 scrolls of identify {unknown}
 n - a scroll of amnesia {unknown}
 o - a scroll of vulnerability {unknown}
Potions
 b - a potion of lignification
 i - a potion of magic {unknown}
 k - a potion of mutation {unknown}
 l - a potion of might {unknown}
 q - a potion of attraction {unknown}


   Skills:
 + Level 2.6 Fighting
 - Level 1.5 Dodging
 + Level 4.3 Unarmed Combat
 + Level 1.3 Invocations
 + Level 4.1 Shapeshifting


You had 4 spell levels left.
You didn't know any spells.
Your spell library contained the following spells:

 Spells                   Type           Power      Damage    Failure   Level
 Brom's Barrelling Bould  Conj/Erth      0%         2d3       99%         4
 Fireball                 Conj/Fire      0%         3d3       100%        5
 Iskenderun's Battlesphe  Conj           0%         2d6       100%        5
 Conjure Ball Lightning   Conj/Air       0%         3x3d6     100%        6
 Orb of Destruction       Conj           0%         9d5       100%        7


Dungeon Overview and Level Annotations

Branches:
Dungeon (4/15)
 Temple: D:4-7

Altars:
Uskayaw


Innate Abilities, Weirdness & Mutations

You are a hulking beast.
Your limbs bulge with bestial killing power. (Slay +2)
You are too large for most types of armour.
You have claws for hands.
Your natural rate of healing is unusually fast.
You are covered in fur. (AC +1)
You have tough skin. (AC +1)


Message History

The goblin hits you with a +0 club.
* * * LOW HITPOINT WARNING * * *
Something hits you but does no damage.
You attack the rock wall.
The orc completely misses you. The goblin hits you but does no damage.
Something hits you but does no damage.
You miss something. Your punch misses something.
You feel less confused. The orc hits you but does no damage.
The goblin hits you with a +0 club.
* * * LOW HITPOINT WARNING * * *
Something hits you but does no damage.
You smack the orc!
You kill the orc!
The goblin hits you but does no damage.
You barely miss the goblin. Something hits you but does no damage.
The goblin hits you but does no damage.
You hit the goblin.
The goblin is heavily wounded.
You feel less wooden.
Your +0 animal skin unmelds from your body.
You turn into a hulking beast.
You hear some strange, mumbled words.
Something tries to affect you, but you resist.
The goblin barely misses you.
You scratch the goblin.
You kill the goblin!
Something hits you.
* * * LOW HITPOINT WARNING * * *
You miss something. Something hits you.
* * * LOW HITPOINT WARNING * * *
You miss something.
You hear some strange, mumbled words.
A puff of flame appears from out of thin air!
The puff of flame hits you!
* * * LOW HITPOINT WARNING * * *
You barely miss something. Something hits you but does no damage.
You scratch something. Something hits you but does no damage.
You closely miss something. Something hits you.
* * * LOW HITPOINT WARNING * * *
You miss something. Something hits you.
You die...

#...#.##..#...#
#.....#...#...#
###.###.#.#.###
#.#<#.#.#.#
#.#...#.#.#
#.####.#####.#.#
#.............#.# .
###.....#.....{)##....
#.##...!...)h)...... #
##.#.#########...
...#.. . #######


There were no monsters in sight!

Vanquished Creatures
  An ogre (D:3)
  Terence (D:2)
  An adder (D:2)
  3 gnolls (D:3)
  A dart slug (D:3)
  7 orcs
  9 ball pythons
  10 endoplasms
  3 giant cockroaches
  6 hobgoblins
  6 jackals
  A quokka (D:3)
  3 bats
  8 frilled lizards
  4 goblins
  7 kobolds
  A rat (D:1)
72 creatures vanquished.

Notes
Turn   | Place    | Note
-------+----------+-------------------------------------------
     0 | D:1      | Arzdou the Troll Shapeshifter began the quest for the Orb.
     0 | D:1      | Reached XP level 1. HP: 18/18 MP: 0/0
   236 | D:1      | Reached skill level 1 in Fighting
   244 | D:1      | Reached XP level 2. HP: 23/27 MP: 1/1
   602 | D:2      | Found a hide-covered altar of Uskayaw.
   612 | D:2      | Became a worshipper of Uskayaw the Reveller
   677 | D:2      | Reached * piety under Uskayaw
   700 | D:2      | Reached ** piety under Uskayaw
   701 | D:2      | Reached XP level 3. HP: 26/33 MP: 2/2
   871 | D:2      | Noticed Terence
   878 | D:2      | Killed Terence
   879 | D:2      | Reached XP level 4. HP: 20/42 MP: 3/3
  1463 | D:3      | Reached *** piety under Uskayaw
  1468 | D:3      | Reached **** piety under Uskayaw
  1712 | D:3      | Reached XP level 5. HP: 38/49 MP: 4/4
  1769 | D:3      | Noticed an ogre
  1775 | D:3      | Killed an ogre
  1776 | D:3      | Reached skill level 1 in Invocations
  2147 | D:4      | HP: 2/50 [something/puff of flame (8)]
  2151 | D:4      | Slain by an orc wizard

Illustrated notes

Levels and vault maps discovered:
D:1:      wander_arrival_estate, layout_basic
D:2:      layout_basic, basic_altar, minmay_tetromino_o2, uniq_terence
D:3:      layout_basic
D:4:      layout_basic, temple_fountains, uniq_ijyb

Skill      XL: |  1  2  3  4  5 |
---------------+----------------+-----
Fighting       | 1 2 |  2.6
Unarmed Combat | 4 |  4.3
Invocations    | 1 |  1.3
Shapeshifting  | 4 |  4.1
Dodging        | |  1.5

Action                     |  1- 3 |  4- 6 || total
---------------------------+-------+-------++-------
  Melee: Unarmed           |    64 |    99 ||   163
         Punch             |       |     2 ||     2
    Use: Potion            |       |     2 ||     2
   Stab: Paralysed         |       |     1 ||     1
 Armour: Animal skin       |    42 |    63 ||   105
         Skin              |       |    53 ||    53
  Dodge: Dodged            |    22 |    42 ||    64
   Form: Anaconda          |     1 |       ||     1
         Beast             |     1 |       ||     1

Table legend: (Time is in decaauts)
 A = Elapsed time spent in this place.
 B = Non-inter-level travel time spent in this place.
 C = Inter-level travel time spent in this place.
 D = Time resting spent in this place.
 E = Time spent auto-exploring this place.
 F = Levels seen in this place.
 G = Mean time per level.
                   A        B        C        D        E       F      G
               +--------+--------+--------+--------+--------+-----+--------+
         Total |   2139 |   2078 |     61 |      0 |   1683 |   4 |  534.8 |
       Dungeon |   2139 |   2078 |     61 |      0 |   1683 |   4 |  534.8 |
               +--------+--------+--------+--------+--------+-----+--------+

Top non-repeatable levels by time:
     D:3: 864 daAuts
     D:2: 615 daAuts
     D:1: 583 daAuts
     D:4: 76 daAuts
